AoeStats
← qompam

Black Forest

504809038Analyzed
1v1 RM · 26d ago on Sep 6, 2026· 77m 27s· 2 players
Game mode
Random Map
Map size
Tiny (2 player)
Population
200
Speed
Normal
Resources
Standard
Victory
Conquest
Starting age
Dark Age
Ending age
Imperial Age
RankedLock teamsTeams togetherTeam positionsShared explorationLock speedFull tech treeHidden civsTurbo modeCheats
Victory
Defeat
🇵🇱 Persians · Poland
1126
+17
🇺🇸 Bengalis · United States
1137
-17
qompam
0:49 Loom
12:53 Feudal Age
14:14 Double-Bit Axe
16:59 Castle Age
16:09 Horse Collar
22:41 Wheelbarrow
23:50 Town Watch
25:24 Hand Cart
26:07 Heavy Plow
26:00 Gold Mining
26:00 Stone Mining
28:52 Bow Saw
30:21 Town Patrol
31:40 Gold Shaft Mining
31:40 Stone Shaft Mining
30:30 Pikeman
34:23 Imperial Age
32:54 Fletching
33:05 Padded Archer Armor
33:15 Forging
33:05 Scale Mail Armor
33:11 Scale Barding Armor
33:44 Squires
33:30 Arson
33:59 Masonry
34:09 Ballistics
33:56 Kamandaran
35:31 Hoardings
35:26 Conscription
37:12 Citadels
36:26 Elite War Elephant
36:40 Crossbowman
37:18 Bodkin Arrow
37:39 Chain Mail Armor
37:59 Iron Casting
37:40 Leather Archer Armor
37:46 Chain Barding Armor
38:32 Two-Man Saw
38:11 Crop Rotation
38:04 Halberdier
38:53 Thumb Ring
40:20 Chemistry
39:50 Architecture
39:17 Murder Holes
40:12 Sappers
41:28 Plate Mail Armor
41:58 Blast Furnace
43:11 Bloodlines
43:02 Husbandry
44:00 Plate Barding Armor
44:25 Blast Furnace
43:56 Ring Archer Armor
44:48 Herbal Medicine
45:33 Theocracy
45:14 Block Printing
45:12 Fervor
46:00 Devotion
45:43 Light Cavalry
45:51 Heavy Camel Rider
45:55 Cavalier
49:47 Hussar
51:27 Faith
54:03 Guilds
54:05 Savar
60:18 Elite Skirmisher
65:09 Onager
Quilted Codpiece
0:26 Loom
12:49 Feudal Age
16:32 Castle Age
14:54 Double-Bit Axe
16:33 Horse Collar
24:48 Town Watch
25:40 Bow Saw
26:15 Heavy Plow
27:49 Scale Barding Armor
28:12 Gold Mining
28:16 Stone Mining
30:39 Wheelbarrow
30:37 Chain Barding Armor
30:32 Bloodlines
30:23 Husbandry
30:36 Paiks
34:39 Imperial Age
32:25 Hand Cart
32:22 Devotion
35:48 Conscription
37:38 Two-Man Saw
37:15 Gold Shaft Mining
38:06 Mahayana
39:35 Plate Barding Armor
39:11 Forging
38:55 Elite Battle Elephant
41:44 Iron Casting
42:59 Block Printing
42:55 Fervor
43:06 Sanctity
45:24 Blast Furnace
45:20 Atonement
45:49 Illumination
45:39 Redemption
46:08 Theocracy
47:12 Fervor
47:23 Sanctity
47:25 Faith
47:01 Herbal Medicine
47:42 Sanctity
54:40 Light Cavalry
58:38 Fletching
63:15 Murder Holes
63:27 Siege Engineers
63:34 Masonry
63:36 Fortified Wall
Connection lost

Rejoining the realm…

Still unreachable

The connection could not be restored.

Session expired

The server has moved on; the page needs a fresh start.